 Dungeon Crawl Stone Soup version 0.22-a0-601-gb0ed703 (webtiles) character file.

109 royokou the Chopper (level 4, -12/39 HPs)
             Began as a Minotaur Fighter on July 7, 2018.
             Killed by divine providence
             ... invoked by an orc priest
              (16 damage)
             ... on level 3 of the Dungeon.
             The game lasted 00:04:26 (2592 turns).

royokou the Chopper (Minotaur Fighter)              Turns: 2592, Time: 00:04:27

Health: -12/39     AC: 13    Str: 20    XL:     4   Next: 59%
Magic:  3/3        EV:  3    Int:  5    God:
Gold:   96         SH:  9    Dex: 11    Spells: 3/3 levels left

rFire    . . .     SeeInvis .   a - +0 war axe
rCold    . . .     Gourm    .   c - +0 shield
rNeg     . . .     Faith    .   k - +0 plate armour
rPois    .         Spirit   .   (helmet restricted)
rElec    .         Reflect  .   p - +0 cloak
rCorr    .         Harm     .   q - +0 pair of gloves
MR       .....                  (no boots)
Stlth    ..........             i - amulet of magic regeneration
HPRegen  0.13/turn              (no ring)
MPRegen  0.33/turn              (no ring)

@: no status effects
A: retaliatory headbutt, horns 2
a: no special abilities


You were on level 3 of the Dungeon.
You were not hungry.

You visited 1 branch of the dungeon, and saw 3 of its levels.

You collected 96 gold pieces.

Inventory:

Hand Weapons
 a - a +0 war axe (weapon)
Armour
 b - a +0 scale mail
 c - a +0 shield (worn)
 k - a +0 plate armour (worn)
 n - a +0 cloak
 p - a +0 cloak (worn)
 q - a +0 pair of gloves (worn)
Jewellery
 i - an amulet of magic regeneration (around neck)
Scrolls
 g - 4 scrolls of identify {unknown}
 h - 2 scrolls of enchant armour {unknown}
 l - a scroll of teleportation {unknown}
 r - 2 scrolls of fear {unknown}
Potions
 d - 3 potions of might
 e - a potion of degeneration {unknown}
 j - a potion of flight {unknown}
 m - a potion of curing
 o - a potion of heal wounds {unknown}
 s - a potion of lignification {unknown}
Comestibles
 f - 6 rations
 t - 2 chunks of flesh


   Skills:
 - Level 3.6 Fighting
 + Level 5.9 Axes
 - Level 3.6 Armour
 - Level 3.6 Shields


You had 3 spell levels left.
You didn't know any spells.
Your spell library contained the following spells:

 Spells                   Type           Power        Failure   Level  Hunger
 Apportation              Tloc           #.....       100%        1    ##.....
 Summon Small Mammal      Summ           #...         100%        1    ##.....
 Animate Skeleton         Necr           N/A          100%        1    ##.....
 Confusing Touch          Hex            #.....       100%        1    ##.....


Dungeon Overview and Level Annotations

Branches:
Dungeon (3/15)

Altars:
Gozag
Sif Muna


Innate Abilities, Weirdness & Mutations

You reflexively headbutt those who attack you in melee.
You have a pair of horns on your head.


Message History

An orc priest comes into view. It is wielding a club.
An orc priest is nearby!
The orc priest shouts!
You hear a shout!
Found an escape hatch in the ceiling.
The orc priest calls down the wrath of Beogh upon you.
Beogh smites you!
* * * LOW HITPOINT WARNING * * *
You closely miss the orc priest. You block the orc priest's attack.
You closely miss the orc priest.
The orc priest invokes the aid of Beogh against you.
Pain shoots through your body!
* * * LOW HITPOINT WARNING * * *
Your shield and plate armour prevent you from hitting the orc priest.
Your headbutt misses the orc priest. You block the orc priest's attack.
An orc comes into view. It is wielding a club.
Your shield and plate armour prevent you from hitting the orc priest.
The orc priest hits you but does no damage.
The orc priest invokes the aid of Beogh against you.
Beogh smites you!
You die...

#########
##.......#
.....<..+
#.######.......#
#......o@.#
.......##o#
######.##.# ..
....#.# ...
##))#.#
....##..#.#
....o.....#
....?..(..#
.......(..#


You could see an orc priest and an orc.

Vanquished Creatures
  An iguana (D:3)
  An adder (D:2)
  An adder skeleton (D:3)
  2 worms (D:2)
  2 leopard geckos
  An orc (D:3)
  2 giant cockroaches
  6 goblins
  6 hobgoblins
  7 jackals
  7 kobolds
  3 quokkas
  A ball python (D:1)
  8 bats
  5 frilled lizards
  3 rats
56 creatures vanquished.

Notes
Turn   | Place    | Note
-------+----------+-------------------------------------------
     0 | D:1      | royokou the Minotaur Fighter began the quest for the Orb.
     0 | D:1      | Reached XP level 1. HP: 19/19 MP: 0/0
   146 | D:1      | Reached skill level 3 in Axes
   219 | D:1      | Reached XP level 2. HP: 25/26 MP: 1/1
   783 | D:1      | Reached skill level 4 in Axes
   857 | D:2      | Found an opulent altar of Gozag.
  1099 | D:2      | Reached XP level 3. HP: 25/31 MP: 2/2
  1323 | D:2      | Found a deep blue altar of Sif Muna.
  1678 | D:2      | Reached skill level 5 in Axes
  2240 | D:3      | Reached XP level 4. HP: 22/39 MP: 3/3
  2592 | D:3      | Killed from afar by an orc priest

Vault maps used:
D:1:      dpeg_arrival_boxorama, corexii_leaking_fountain
D:2:      nicolae_gozag_seed_capital, old_standard_altar

Skill      XL: |  1  2  3 |
---------------+----------+-----
Axes           | 3 4 5 |  5.9
Fighting       | |  3.6
Armour         | |  3.6
Shields        | |  3.6

Action                   |  1- 3 |  4- 6 || total
-------------------------+-------+-------++-------
Melee: War axe           |   139 |    55 ||   194
       Headbutt          |    13 |     6 ||    19
  Use: Potion            |     1 |       ||     1
  Eat: Chunk             |     4 |     2 ||     6
Armor: Scale mail        |    45 |       ||    45
       Plate armour      |    18 |    31 ||    49
Dodge: Dodged            |    40 |     5 ||    45
Block: Shield            |    58 |    33 ||    91

Table legend:
 A = Spawn XP
 B = Non-spawn XP
 C = Spawn XP percentage of total XP
 D = Spawn monster count
 E = Non-spawn monster count
 F = Spawn count percentage of total count
 G = Total turns spent on level
                    A         B        C        D         E        F      G
               +---------+---------+-------+---------+---------+-------+---------
         Total |       0 |     156 |   0.0 |       0 |      56 |   0.0 |  2592
               +---------+---------+-------+---------+---------+-------+---------
           D:1 |       0 |      30 |   0.0 |       0 |      19 |   0.0 |   857
           D:2 |       0 |      52 |   0.0 |       0 |      19 |   0.0 |  1359
           D:3 |       0 |      74 |   0.0 |       0 |      18 |   0.0 |   376
               +---------+---------+-------+---------+---------+-------+---------
